Map: 死亡光环-天梯版

Players

夜蝶蝶蝶蝶蝶蝶蝶 (Firefly)

  • Race: Protoss Protoss
  • League: Master

iGXY (XY) - Winner!

  • Race: Terran Terran

Event: DreamHack SC2 Masters 2020 Winter

VOD

Have the link to the VOD?

Description

Time

  • Played on: Oct. 29, 2020, 8:58 a.m.
  • Length: 10:31

All games in this series

Show
View Real Time Build Order
Export as new Build Order

夜蝶蝶蝶蝶蝶蝶蝶 Protoss 

Build Orders: 1 Gate Expand, Blink Stalkers, Colossus Rush 

Get SALT Encoding   

  12  0:00  Probe  
  13  0:12  Probe  
  14  0:18  Pylon  
  14  0:24  Probe (Chrono Boost)  
  15  0:36  Probe (Chrono Boost)  
  15  0:38  Gateway  
  16  0:45  Probe (Chrono Boost)  
  16  0:47  Assimilator  
  17  0:51  Probe  
  18  1:03  Probe  
  19  1:20  Nexus  
  19  1:23  Probe  
  20  1:33  Cybernetics Core  
  20  1:35  Probe  
  21  1:41  Assimilator  
  21  1:49  Pylon  
  21  1:51  Probe  
  22  2:03  Probe  
  22  2:06  Adept (Chrono Boost)  
  23  2:09  Warp Gate  
  25  2:15  Probe  
  26  2:26  Stalker (Chrono Boost)  
  26  2:28  Probe  
  29  2:35  Probe  
  30  2:39  Twilight Council  
  30  2:40  Probe  
  31  2:47  Probe  
  32  2:52  Probe  
  32  2:56  Robotics Facility  
  33  2:59  Probe  
  33  3:04  Probe  
  35  3:11  Probe  
  36  3:15  Gateway  
  36  3:16  Probe  
  35  3:22  Blink (Chrono Boost)  
  35  3:23  Probe  
  36  3:28  Probe  
  36  3:33  Gateway  
  37  3:35  Probe  
  37  3:39  Pylon  
  37  3:40  Probe  
  39  3:42  Assimilator  
  39  3:44  Observer (Chrono Boost)  
  40  3:48  Shield Battery, Probe  
  40  3:52  Probe  
  40  3:55  Assimilator  
  42  3:57  Pylon, Observer (Chrono Boost)  
  42  3:58  Stalker  
  42  4:01  Probe  
  46  4:04  Probe  
  47  4:13  Stalker  
  47  4:14  Probe  
  50  4:17  Probe  
  50  4:22  Pylon  
  51  4:25  Robotics Bay  
  51  4:26  Probe  
  51  4:30  Stalker  
  54  4:35  Probe  
  54  4:37  Stalker  
  57  4:38  Probe  
  58  4:50  Nexus  
  59  5:01  Shield Battery  
  59  5:04  Stalker x3  
  64  5:09  Observer  
  64  5:10  Pylon  
  64  5:13  Observer  
  65  5:14  Probe  
  65  5:17  Shield Battery  
  66  5:22  Probe  
  66  5:26  Probe  
  68  5:29  Colossus  
  68  5:35  Probe  
  75  5:36  Observer, Extended Thermal Lance  
  75  5:38  Probe  
  76  5:43  Stalker  
  78  5:50  Forge  
  78  5:54  Pylon  
  78  6:02  Probe x2 (Chrono Boost)  
  78  6:04  Probe (Chrono Boost)  
  81  6:14  Charge, Probe x3 (Chrono Boost)  
  84  6:18  Probe x2 (Chrono Boost)  
  84  6:19  Probe (Chrono Boost)  
  84  6:20  Pylon  
  84  6:23  Colossus (Chrono Boost), Protoss Ground Weapons Level 1 (Chrono Boost)  
  93  6:27  Gateway  
  93  6:28  Probe x2  
  93  6:30  Gateway, Probe  
  92  6:40  Observer, Probe  
  93  6:47  Probe x2  
  93  6:49  Assimilator  
  95  6:56  Gateway  
  95  6:59  Gateway  
  95  7:01  Gateway  
  95  7:03  Nexus  
  95  7:05  Templar Archives  
  95  7:08  Probe  
  95  7:09  Probe x2  
  95  7:11  Pylon  
  95  7:14  Warp Prism (Chrono Boost), Pylon  
  100  7:23  Gravitic Drive (Chrono Boost), Probe x2  
  100  7:24  Probe  
  103  7:35  Probe  
  103  7:36  Probe x2  
  106  7:39  Photon Cannon, Sentry  
  106  7:40  Gateway  
  106  7:42  Gateway, Zealot x2, Sentry x2  
  118  7:47  Colossus (Chrono Boost)  
  122  7:59  Stalker  
  122  8:04  Pylon  
  124  8:06  Pylon  
  124  8:08  Pylon  
  124  8:19  Zealot x7  
  138  8:28  Probe x3  
  138  8:33  Stalker  
  143  8:38  Colossus (Chrono Boost), Stalker x2  
  151  8:44  Stalker x5  
  151  8:45  Zealot  
  116  9:11  Zealot x7  
  116  9:13  Zealot x3  
  98  9:32  Stalker x4, Zealot, Colossus (Chrono Boost)  
  98  9:33  Zealot x2  
  114  9:49  Stalker x3  
  120  9:52  Nexus  
  120  9:55  Stalker x4  
  120  9:56  Stalker x2  
  132  10:11  Pylon  
  132  10:12  Pylon  
  132  10:13  Pylon  
  132  10:18  Zealot x6  
  132  10:19  Zealot x3  
  118  10:23  Zealot  
Show
View Real Time Build Order
Export as new Build Order

iGXY Terran - Winner!

Build Orders: Banshee Rush 

Get SALT Encoding   

  12  0:00  SCV  
  13  0:12  SCV  
  14  0:16  Supply Depot  
  14  0:24  SCV  
  15  0:38  SCV  
  15  0:39  Barracks  
  16  0:43  Refinery  
  16  0:50  SCV  
  17  1:02  SCV  
  18  1:14  SCV  
  19  1:27  Marine, Orbital Command  
  20  1:44  Command Center  
  20  1:46  Barracks Reactor  
  20  1:53  SCV  
  21  2:00  Supply Depot  
  21  2:05  SCV  
  22  2:09  Bunker  
  22  2:17  SCV  
  22  2:19  Factory  
  23  2:24  Refinery  
  23  2:25  Marine  
  23  2:29  SCV  
  25  2:30  Marine  
  26  2:41  SCV  
  26  2:42  Marine  
  28  2:53  SCV  
  28  2:56  Orbital Command  
  29  3:04  Starport  
  29  3:05  SCV  
  29  3:12  Factory Tech Lab  
  30  3:18  SCV  
  31  3:21  Marine x2  
  31  3:22  SCV  
  31  3:25  Supply Depot  
  34  3:30  SCV  
  35  3:34  SCV  
  36  3:42  SCV, Factory Tech Lab  
  36  3:44  Supply Depot  
  36  3:45  Cloaking Field  
  36  3:46  SCV, Banshee  
  41  3:55  SCV  
  42  3:58  SCV  
  43  4:04  Command Center  
  43  4:07  SCV  
  43  4:08  Siege Tank  
  47  4:10  SCV  
  48  4:19  SCV  
  48  4:22  Supply Depot, SCV  
  50  4:29  Banshee  
  50  4:30  Marine x2  
  50  4:31  SCV  
  56  4:32  Supply Depot  
  56  4:34  SCV  
  57  4:40  Siege Tank  
  57  4:43  SCV  
  61  4:47  SCV  
  61  4:48  Marine x2  
  64  4:55  SCV  
  64  4:58  Barracks  
  64  4:59  SCV  
  66  5:01  Barracks  
  66  5:06  Marine x2  
  68  5:07  SCV  
  68  5:11  SCV  
  68  5:12  Siege Tank  
  68  5:13  Engineering Bay x2  
  73  5:17  Refinery  
  73  5:18  Refinery  
  73  5:20  Orbital Command  
  73  5:24  SCV x2  
  73  5:27  Starport Reactor  
  75  5:36  SCV x2  
  75  5:37  Orbital Command  
  75  5:38  Supply Depot  
  77  5:44  Siege Tank  
  77  5:48  SCV x2  
  82  5:50  Barracks Tech Lab  
  82  5:52  Barracks  
  82  5:56  Barracks  
  82  5:59  Terran Infantry Armor Level 1, Terran Infantry Weapons Level 1  
  82  6:00  SCV  
  82  6:01  SCV  
  82  6:03  SCV  
  87  6:04  Marauder, Marine x2  
  87  6:08  Combat Shield  
  89  6:12  SCV  
  89  6:13  SCV  
  91  6:19  Marauder  
  91  6:20  SCV  
  91  6:22  Marine x2, Refinery  
  91  6:23  Refinery  
  91  6:25  Supply Depot  
  98  6:26  SCV x2, Marauder  
  98  6:32  SCV  
  98  6:40  Marauder  
  98  6:41  SCV  
  98  6:46  SCV  
  104  6:47  Marauder, Supply Depot  
  104  6:48  Supply Depot  
  104  6:51  Medivac x2  
  104  6:53  Barracks Tech Lab, Barracks Reactor  
  108  6:54  Marine  
  108  6:55  Siege Tank, Marine, SCV  
  108  6:58  Supply Depot  
  108  6:59  Supply Depot  
  108  7:00  Supply Depot  
  108  7:01  Marine  
  114  7:03  Stimpack  
  114  7:04  SCV x2  
  117  7:08  Marine  
  117  7:09  SCV  
  117  7:12  Supply Depot, Marine  
  117  7:13  Concussive Shells, Marine, Marauder  
  117  7:15  Missile Turret  
  123  7:16  SCV  
  123  7:18  SCV  
  123  7:19  Marine  
  124  7:23  Medivac x2  
  124  7:26  SCV, Marine  
  124  7:28  Siege Tank, SCV  
  131  7:31  SCV  
  131  7:35  Armory, Marauder, Marine  
  131  7:36  Marine x3  
  140  7:37  Marauder  
  140  7:38  SCV  
  140  7:40  SCV  
  140  7:43  SCV  
  143  7:44  Marine  
  144  7:52  Supply Depot  
  144  7:53  Medivac x2, Marine  
  144  7:54  Marine  
  144  7:55  Marine  
  144  7:56  Marauder  
  155  7:58  Marauder  
  155  8:00  Siege Tank  
  160  8:05  Marine, Marauder  
  160  8:11  Supply Depot, Marine  
  160  8:12  Supply Depot, Marine x2  
  162  8:15  Supply Depot  
  162  8:19  Marauder  
  167  8:20  Marauder  
  167  8:22  Medivac  
  167  8:23  Medivac, Marine  
  172  8:33  Marauder, Marine x2  
  172  8:34  Marine  
  176  8:37  Supply Depot  
  176  8:41  Marauder x2  
  180  8:42  Command Center  
  180  8:47  Marine  
  181  8:51  Marine  
  181  8:54  Marauder  
  184  9:02  Marauder  
  185  9:09  Marine, Marauder  
  166  9:13  Marine  
  166  9:14  Marine x2  
  166  9:16  Marauder  
  174  9:17  Siege Tank  
  174  9:23  Marauder  
  162  9:27  Marine  
  162  9:30  Marine  
  162  9:31  Marine  
  159  9:32  Marine x2  
  159  9:33  Medivac x2  
  159  9:37  Marauder  
  168  9:44  Marine  
  168  9:45  Marauder  
  171  9:48  Marine  
  171  9:49  Marine x3, Siege Tank  
  176  9:58  Marauder  
  178  10:02  Marine  
  178  10:06  Marauder x2, Marine  
  187  10:07  Marine x2  
Tags
 
Add a new tag
Caveats
  • Supply blocks, unpowered buildings, or Contaminate may cause inaccurate times.
  • Supply counts are checked every 10 seconds.